AoeStats
← saschauli

Arena

510144498Analyzed
3v3 RM · 4d ago on Sep 29, 2026· 43m 18s· 6 players
Game mode
Random Map
Map size
Normal (6 player)
Population
200
Speed
Normal
Resources
Standard
Victory
Conquest
Starting age
Dark Age
Ending age
Imperial Age
RankedLock teamsTeams togetherTeam positionsShared explorationLock speedFull tech treeHidden civsTurbo modeCheats
Victory
Defeat
🇦🇷 Britons · Argentina
934
+17
🇩🇪 Poles · Germany
927
+17
🇹🇷 Huns · Türkiye
903
+18
🇸🇰 Teutons · Slovakia
957
-18
🇸🇰 Lithuanians · Slovakia
951
-17
🇳🇱 Chinese · Netherlands
948
-17
saschauli
10:14 Feudal Age
10:41 Horse Collar
17:16 Castle Age
15:37 Double-Bit Axe
15:45 Stone Mining
17:34 Forging
17:22 Gold Mining
18:57 Bow Saw
19:43 Heavy Plow
20:22 Light Cavalry
21:44 Scale Barding Armor
22:38 Husbandry
25:31 Stone Shaft Mining
29:24 Imperial Age
29:02 Chain Barding Armor
29:22 Iron Casting
29:44 Fletching
30:53 Crop Rotation
31:04 Wheelbarrow
31:36 Lechitic Legacy
32:21 Loom
34:29 Winged Hussar
35:23 Bloodlines
37:24 Blast Furnace
36:21 Bodkin Arrow
40:18 Conscription
39:19 Elite Obuch
40:40 Squires
41:08 Hand Cart
41:27 Scale Mail Armor
Nightman
12:56 Feudal Age
17:07 Castle Age
14:55 Horse Collar
15:05 Double-Bit Axe
15:29 Stone Mining
16:12 Gold Mining
23:06 Scale Barding Armor
29:26 Imperial Age
27:21 Bow Saw
27:24 Heavy Plow
28:10 Murder Holes
28:29 Masonry
28:40 Ballistics
28:29 Marauders
31:08 Gold Shaft Mining
31:40 Two-Man Saw
31:21 Chain Barding Armor
31:12 Forging
33:12 Bloodlines
33:03 Husbandry
33:06 Elite Tarkan
34:40 Iron Casting
36:33 Blast Furnace
39:58 Plate Barding Armor
H0TM1ILK
10:40 Feudal Age
15:49 Castle Age
14:05 Double-Bit Axe
15:14 Horse Collar
15:26 Gold Mining
15:39 Loom
17:14 Bow Saw
20:45 Stone Mining
21:17 Fletching
23:34 Gold Shaft Mining
24:22 Wheelbarrow
24:59 Bodkin Arrow
25:05 Padded Archer Armor
28:40 Leather Archer Armor
32:35 Imperial Age
30:21 Hand Cart
30:52 Yeomen
31:18 Ballistics
30:58 Town Watch
32:43 Fortified Wall
32:56 Town Watch
34:25 Two-Man Saw
33:36 Elite Longbowman
35:51 Chemistry
36:12 Conscription
36:30 Bracer
42:29 Town Patrol
teatrex
5:34 Loom
11:58 Feudal Age
17:06 Castle Age
17:04 Man-at-Arms
17:13 Man-at-Arms
20:20 Forging
21:37 Horse Collar
21:44 Double-Bit Axe
21:57 Gold Mining
29:21 Imperial Age
27:25 Heavy Plow
28:47 Wheelbarrow
28:22 Long Swordsman
28:48 Gambesons
29:24 Stone Mining
31:07 Crop Rotation
30:49 Bow Saw
31:34 Hand Cart
32:22 Scale Mail Armor
32:58 Iron Casting
31:54 Two-Handed Swordsman
34:51 Champion
35:11 Capped Ram
35:59 Siege Engineers
35:52 Pikeman
36:33 Squires
38:49 Halberdier
39:53 Conscription
Anaiah
3:34 Loom
9:49 Feudal Age
15:21 Castle Age
14:25 Double-Bit Axe
14:34 Horse Collar
23:04 Bow Saw
22:59 Heavy Plow
22:52 Gold Mining
27:45 Wheelbarrow
28:17 Stone Mining
29:15 Husbandry
30:13 Bloodlines
34:24 Imperial Age
32:02 Elite Skirmisher
32:50 Thumb Ring
32:45 Murder Holes
33:16 Ballistics
32:54 Town Watch
33:27 Hand Cart
33:24 Fletching
34:05 Padded Archer Armor
34:51 Stone Shaft Mining
34:49 Caravan
34:47 Cavalier
35:34 Squires
36:00 Conscription
38:47 Scale Barding Armor
38:53 Forging
39:01 Bodkin Arrow
39:09 Scale Mail Armor
39:58 Fortified Wall
40:49 Chemistry
39:46 Murder Holes
40:14 Chain Barding Armor
39:34 Pikeman
40:28 Pikeman
MonsieurDean
0:37 Loom
12:58 Feudal Age
13:54 Horse Collar
17:21 Castle Age
20:32 Heavy Plow
20:37 Double-Bit Axe
29:17 Imperial Age
29:48 Fletching
29:59 Padded Archer Armor
30:24 Bow Saw
30:47 Bodkin Arrow
31:23 Conscription
30:27 Pikeman
31:08 Squires
31:32 Ballistics
32:12 Chemistry
31:09 Murder Holes
31:26 Fortified Wall
32:01 Wheelbarrow
31:43 Leather Archer Armor
32:06 Caravan
31:44 Elite Skirmisher
33:01 Hand Cart
33:22 Bracer
33:53 Ring Archer Armor
35:25 Two-Man Saw
35:23 Thumb Ring
35:27 Elite Chu Ko Nu
36:31 Town Watch
36:58 Forging
36:48 Scale Mail Armor
37:02 Masonry
37:30 Halberdier
38:09 Heavy Rocket Cart
Connection lost

Rejoining the realm…

Still unreachable

The connection could not be restored.

Session expired

The server has moved on; the page needs a fresh start.